 Dungeon Crawl Stone Soup version 0.17.2-1-ge4368a0 (webtiles) character file.

324 Goblin1989 the Sneak (level 6, -3/55 HPs)
             Began as a Naga Wanderer on Nov 14, 2017.
             Was an Initiate of Gozag.
             Slain by a river rat (7 damage)
             ... on level 3 of the Dungeon on Nov 15, 2017.
             The game lasted 00:16:08 (2210 turns).

Goblin1989 the Sneak (Naga Wanderer)                Turns: 2210, Time: 00:16:08

Health: -3/55      AC:  3    Str: 15    XL:     6   Next: 48%
Magic:  12/12      EV: 10    Int: 12    God:    Gozag
Gold:   98         SH:  0    Dex: 12    Spells: 0 memorised, 13 levels left

rFire  . . .     SeeInvis +     c - +2 mace (crush)
rCold  . . .     Clarity  .     f - +0 robe
rNeg   + . .     SustAt   .     (no shield)
rPois  +         Gourm    .     (no helmet)
rElec  .         Spirit   .     (no cloak)
rCorr  .         Warding  .     (no gloves)
rMut   .         Stasis   .     (no barding)
MR     .....                    (no amulet)
Stlth  +++.......               (no ring)
                                i - ring of positive energy

@: very slow, not resistant to hostile enchantments, fairly stealthy
A: see invisible, deformed body, poison resistance, slowness 2, slow metabolism
1, spit poison 2, AC +2
a: Spit Poison, Potion Petition, Call Merchant, Bribe Branch, Renounce Religion


You were on level 3 of the Dungeon.
You worshipped Gozag.
Gozag was noncommittal.
You were very hungry.

You visited 1 branch of the dungeon, and saw 3 of its levels.

You collected 119 gold pieces.
You paid 21 gold pieces to Gozag.

Inventory:

Hand Weapons
 a - a +2 dagger
 c - a +2 mace of crushing (weapon)
 j - a +1 dagger of holy wrath
 p - a +0 quarterstaff
 w - a +0 blowgun {@w1}
Missiles
 b - 24 arrows
 d - 12 poisoned needles
Armour
 f - a +0 robe (worn)
Jewellery
 i - a ring of positive energy (left hand)
Wands
 h - a wand of digging (15)
Scrolls
 B - a scroll of blinking
 T - 2 scrolls of teleportation {@r3, !r}
Potions
 k - a potion of flight
 m - a potion of heal wounds {unknown}
Comestibles
 e - 2 bread rations {@e1}
 g - a meat ration {@e2}
 l - 2 fruits


   Skills:
 + Level 2.6 Fighting
   Level 1.0 Long Blades
 - Level 1.0 Throwing
 + Level 2.8 Dodging
 + Level 6.0 Stealth
 - Level 4.0 Spellcasting
   Level 2.6 Necromancy
   Level 1.0 Fire Magic


You had 13 spell levels left.
You didn't know any spells.

Dungeon Overview and Level Annotations

Branches:
Dungeon (3/15)

Altars:
Gozag
Nemelex Xobeh
Xom
Yredelemnul

Annotations:
D:3 exclusion: skeleton


Innate Abilities, Weirdness & Mutations

You cannot wear boots.
Your serpentine skin is tough (AC +2).
You have supernaturally acute eyesight.
Armour fits poorly on your strangely shaped body.
Your system is resistant to poisons.
You cover ground very slowly.
You have a slow metabolism.
You can spit poison.


Message History

Things that are here:
a dagger of holy wrath; a robe
Okay, then.
j - a dagger of holy wrath
l - 2 fruits You flicker for a moment.
You flicker back into view.
Some of the chunks of flesh in your inventory have rotted away.
You start to feel less resistant.
You feel a little less agile now.
m - a fuming yellow potion You hear the slow rusting of a very distant drain.
Your resistance to elements expires.
Found a sparkling altar of Nemelex Xobeh.
All of the chunks of flesh in your inventory have rotted away.
There is a fountain of sparkling water here.
There is a fountain of sparkling water here.
You are feeling very hungry.
Found an escape hatch in the ceiling.
A giant cockroach comes into view. 2 ball pythons, a rat and a giant cockroach come into view.
Wield which item (- for none, * to show all)? (? for menu, Esc to quit)
w - a +0 blowgun (weapon)
{@w1} Firing (i - inventory):
d - 18 poisoned needles (quivered)
Press: ? - help, Shift-Dir - straight line, f - giant cockroach
Aim: a giant cockroach (resting)
You shoot a poisoned needle.
The helpless giant cockroach fails to defend itself.
The poisoned needle hits the giant cockroach in a vulnerable spot!
The giant cockroach is poisoned.
You hear a splash.
The rat twitches its whiskers.
Firing (i - inventory):
d - 17 poisoned needles (quivered)
Press: ? - help, Shift-Dir - straight line, f - ball python, p - giant cockroach
Aim: a ball python You shoot a poisoned needle.
The poisoned needle hits the ball python!
The ball python is poisoned.
You kill the giant cockroach!
Unknown command.
Firing (i - inventory):
d - 16 poisoned needles (quivered)
Press: ? - help, Shift-Dir - straight line, f/p - ball python
Aim: a ball python (moderately wounded, poisoned)
You shoot a poisoned needle.
The poisoned needle hits the ball python!
The ball python looks even sicker.
The ball python is moderately wounded.
You hear the rusting of a drain nearby.
Your magical contamination has completely faded away.
You kill the ball python!
Firing (i - inventory):
d - 15 poisoned needles (quivered)
Press: ? - help, Shift-Dir - straight line, f - rat
Aim: a rat You shoot a poisoned needle.
The poisoned needle hits the rat!
The rat is poisoned.
You kill the rat!
You see here 12 gold pieces.
Firing (i - inventory):
d - 14 poisoned needles (quivered)
Press: ? - help, Shift-Dir - straight line, f - ball python
Aim: a ball python You shoot a poisoned needle.
The poisoned needle closely misses the ball python.
You hear a splash.
Firing (i - inventory):
d - 13 poisoned needles (quivered)
Press: ? - help, Shift-Dir - straight line, f/p - ball python
Aim: a ball python You shoot a poisoned needle.
The poisoned needle barely misses the ball python.
You hear a splash.
The ball python bites you but does no damage.
Wield which item (- for none, * to show all)? (? for menu, Esc to quit)
c - a +2 mace of crushing (weapon)
You hit the ball python.
You kill the ball python!
You see here 18 gold pieces.
A rat and a river rat come into view.
You see here 2 poisoned needles.
A giant cockroach comes into view.
You see here a poisoned needle.
The river rat barely misses you.
You barely miss the river rat. The river rat closely misses you.
The river rat bites you!
* * * LOW HITPOINT WARNING * * *
You take 7 damage, and have 14/55 hp.
You hit the river rat but do no damage. The river rat bites you.
* * * LOW HITPOINT WARNING * * *
The rat closely misses you.
You take 1 damage, and have 13/55 hp.
The river rat barely misses you. The rat bites you but does no damage.
The river rat bites you!
* * * LOW HITPOINT WARNING * * *
You see here 18 gold pieces.
You take 8 damage, and have 5/55 hp.
You barely miss the rat. The rat barely misses you.
You barely miss the river rat. The river rat bites you.
* * * LOW HITPOINT WARNING * * *
You take 2 damage, and have 4/55 hp.
You closely miss the river rat. The river rat bites you!
You die...
Your body crumbles into a pile of gold.

█.≈≈≈█
█..≈≈▲████
█..(≈≈(≈≈█
█....≈≈≈s█
█$..(.≈≈.█
█........█
█r(.██████


█r███ █@█ █.█ █.█ █.█ █.█ █.█ █.█ █.█ █.█ You could see a river rat and a rat.

Vanquished Creatures
  Sigmund (D:2)
  2 orc wizards (D:3)
  Jessica (D:2)
  3 adders (D:2)
  A worm (D:2)
  3 orcs (D:3)
  2 ball pythons (D:3)
  9 bats
  4 giant cockroaches
  6 hobgoblins
  3 jackals (D:1)
  2 giant newts
  5 goblins
  5 kobolds
  3 rats
50 creatures vanquished.

Vanquished Creatures (collateral kills)
  An adder (D:2)
  A giant gecko (D:1)
  A giant cockroach (D:1)
  A goblin (D:2)
4 creatures vanquished.

Grand Total: 54 creatures vanquished

Notes
Turn   | Place    | Note
--------------------------------------------------------------
     0 | D:1      | Goblin1989 the Naga Wanderer began the quest for the Orb.
     0 | D:1      | Goblin1989 set off with: a +2 dagger, the Incunabulum of Black Rituals, 11 poisoned needles, a bread ration {@e1}, a +0 robe, a +0 blowgun {@w1}, a scroll of blinking
     0 | D:1      | Reached XP level 1. HP: 19/19 MP: 5/5
     0 | D:1      | Identified the Incunabulum of Black Rituals
     2 | D:1      | Learned a level 1 spell: Animate Skeleton
     4 | D:1      | Learned a level 1 spell: Pain
    74 | D:1      | Reached XP level 2. HP: 19/26 MP: 5/7
   661 | D:1      | Reached XP level 3. HP: 32/32 MP: 8/8
   668 | D:1      | Reached skill level 1 in Dodging
   971 | D:2      | Found a basalt altar of Yredelemnul.
   972 | D:2      | Found a shimmering altar of Xom.
  1215 | D:2      | Noticed Jessica
  1233 | D:2      | Killed Jessica
  1233 | D:2      | Reached skill level 1 in Necromancy
  1383 | D:2      | Reached XP level 4. HP: 39/39 MP: 10/10
  1408 | D:2      | Noticed Sigmund
  1408 | D:2      | Your ally Jessica died
  1419 | D:2      | Killed Sigmund
  1419 | D:2      | Reached skill level 5 in Stealth
  1419 | D:2      | Reached XP level 5. HP: 11/45 MP: 11/11
  1579 | D:2      | Your ally Sigmund died
  1610 | D:2      | Reached XP level 6. HP: 48/52 MP: 12/12
  2001 | D:3      | Found an opulent altar of Gozag.
  2010 | D:3      | Became a worshipper of Gozag Ym Sagoz the Greedy
  2100 | D:3      | HP: 2/55 [orc wizard/dagger (3)]
  2115 | D:3      | HP: 1/55 [orc wizard/dagger of holy wrath (5)]
  2125 | D:3      | Reached skill level 6 in Stealth
  2154 | D:3      | Found a sparkling altar of Nemelex Xobeh.
  2210 | D:3      | Slain by a river rat

Action                   |  1- 3 |  4- 6 || total
-------------------------+-------+-------++-------
Melee: Dagger            |    39 |       ||    39
       Quarterstaff      |       |    60 ||    60
       Mace              |       |     6 ||     6
 Fire: Blowgun           |       |     9 ||     9
 Cast: Animate Skeleton  |     9 |    10 ||    19
       Pain              |     1 |       ||     1
Invok: Potion Petition   |       |     1 ||     1
 Abil: Spit Poison       |    22 |     7 ||    29
  Use: Scroll            |     2 |     8 ||    10
       Potion            |       |     4 ||     4
 Stab: Sleeping          |       |     4 ||     4
       Invisible         |       |     2 ||     2
  Eat: Chunk             |     2 |     2 ||     4

Vault maps used:
D:1:      eino_arrival_tree_alley, corexii_corridor_pit, minivault_19
D:2:      gammafunk_temple_overflow_pools, amalloy_card_club, uniq_sigmund,
          uniq_jessica
D:3:      nemelex_xobeh_ov_fountains_minmay,
          nicolae_gozag_cash_rules_everything_around_me, first_bread,
          portal_sewer_entry_e
